 Dungeon Sprint DCSS version 0.15-a0-110-gb05c47c (webtiles) character file.

1270 BluebellGnoll the Imperceptible (level 8, -8/37 HPs)
             Began as a Spriggan Assassin on Apr 10, 2014.
             Was a Believer of Vehumet.
             Mangled by a spriggan
             ... wielding a +0,+0 falchion
              (13 damage)
             ... in the Dungeon (Sprint IV: "Fedhas' Mad Dash").
             The game lasted 00:05:18 (327 turns).

BluebellGnoll the Imperceptible (Spriggan Assassin)  Turns: 327, Time: 00:05:19

HP  -8/37        AC  3     Str  7      XL: 8   Next: 16%
MP  16/16        EV 22     Int 14      God: Vehumet [**....]
Gold 112         SH  0     Dex 18      Spells:  0 memorised,  7 levels left

rFire  . . .     SeeInvis +     r - +1,+3 dagger (venom)
rCold  . . .     Clarity  .     c - +0 robe
rNeg   . . .     Conserve .     (shield restricted)
rPois  .         rCorr    .     (helmet restricted)
rElec  .         rRot     .     d - +0 cloak
SustAb . .       Spirit   .     (gloves unavailable)
rMut   .         Warding  .     (boots unavailable)
Saprov . . .     NoTele   +     (no amulet)
MR     +....                    (no ring)
                                n - ring of invisibility

@: very quick, somewhat resistant to hostile enchantments, incredibly stealthy
A: unfitting armour, see invisible, herbivore 3, speed 3, slow metabolism 2
a: Renounce Religion, Evoke Invisibility


You were in the Dungeon.
You worshipped Vehumet.
Vehumet was pleased with you.
You were not hungry.

You visited 1 branch You collected 112 gold pieces.

Inventory:

Hand weapons
 a - a +2,+2 dagger
 b - a +0 blowgun
 r - a +1,+3 dagger of venom (weapon)
Missiles
 e - 6 poisoned needles
 p - 2 needles of sleeping
Armour
 c - a +0 robe (worn)
 d - a +0 cloak (worn)
Comestibles
 o - a pear
 q - 3 honeycombs
 s - a choko
Scrolls
 m - a scroll of blinking
Jewellery
 n - a ring of invisibility (left hand)
Potions
 g - a potion of porridge
 h - a potion of curing
 i - a potion of heal wounds
 j - a potion of haste
 k - 2 potions of magic
 l - a potion of berserk rage


   Skills:
 - Level 1.5 Fighting
 * Level 5.0 Short Blades
 - Level 2.1 Throwing
 * Level 6.1 Dodging
 - Level 23.2 Stealth


You had 7 spell levels left.
You didn't know any spells.

Dungeon Overview and Level Annotations

Branches:
Dungeon (1/1)

Altars:
Cheibriados
Dithmenos
Elyvilon
Kikubaaqudgha
Makhleb
Nemelex Xobeh
Okawaru
Sif Muna
Trog
Vehumet
Xom
Yredelemnul
Zin
The Shining One
Beogh
Jiyva
Lugonu


Innate Abilities, Weirdness & Mutations

You are tiny and cannot use many weapons and most armour.
You have supernaturally acute eyesight.
You are a herbivore.
You cover ground extremely quickly.
You need consume almost no food.


Message History

There is a glowing silver altar of Zin here.
You hit the spriggan.
The spriggan is poisoned.
The spriggan is severely wounded.
The spriggan hits you with a cutlass! The spriggan closely misses you.
There is a snail-covered altar of Cheibriados here.
You kill the spriggan!
Vehumet accepts your kill.
Your Short Blades skill increases to level 5!
Your Dodging skill increases to level 6!
You barely miss the spriggan.
The spriggan is moderately wounded.
The spriggan hits you with a falchion.
* * * LOW HITPOINT WARNING * * *
There is an open door here.
The spriggan hits you with a falchion.
* * * LOW HITPOINT WARNING * * *
You barely miss the spriggan.
The spriggan is moderately wounded.
The spriggan hits you with a falchion!
You die...

#################################
<..f#.....#.....#.⌠.........⌠.#.(
ff..'.)...'.#.[.@i_._._%_._._.'..
ffff#...%.#.#%..#.._._._._._..#..
##############'##._._._._._._.#..
...♣........'...#.⌠.........⌠.###
.%....♣.....#...###############
%%...♣..♣..###### #'####'#####
).#....+ ..#..###


You could see a spriggan.

Vanquished Creatures
  An oklob plant (D)
  A queen bee (D)
  A burning bush (D)
  A scorpion (D)
  4 killer bees (D)
  4 oklob saplings (D)
  A spriggan (D)
  A worker ant (D)
  A green rat (D)
  A rat (D)
16 creatures vanquished.

Notes
Turn   | Place    | Note
--------------------------------------------------------------
     0 | D        | BluebellGnoll, the Spriggan Assassin, began the quest for the Orb.
     0 | D        | Reached XP level 1. HP: 10/10 MP: 2/2
     8 | D        | Reached skill level 9 in Stealth
     8 | D        | Reached XP level 2. HP: 14/14 MP: 4/4
    14 | D        | Noticed an oklob sapling
    16 | D        | Killed an oklob sapling
    16 | D        | Reached skill level 11 in Stealth
    16 | D        | Reached XP level 3. HP: 18/18 MP: 6/6
    18 | D        | Noticed a worker ant
    20 | D        | Killed a worker ant
    20 | D        | Reached skill level 12 in Stealth
    43 | D        | Found a snail-covered altar of Cheibriados.
    43 | D        | Found a glowing silver altar of Zin.
    43 | D        | Found a white marble altar of Elyvilon.
    43 | D        | Found a viscous altar of Jiyva.
    43 | D        | Found a radiant altar of Vehumet.
    43 | D        | Found a deep blue altar of Sif Muna.
    43 | D        | Found an ancient bone altar of Kikubaaqudgha.
    43 | D        | Found a bloodstained altar of Trog.
    43 | D        | Found a corrupted altar of Lugonu.
    43 | D        | Noticed an oklob sapling priest
    44 | D        | Found a glowing golden altar of the Shining One.
    45 | D        | Found a burning altar of Makhleb.
    45 | D        | Found a sparkling altar of Nemelex Xobeh.
    46 | D        | Found an iron altar of Okawaru.
    47 | D        | Found a shadowy altar of Dithmenos.
    47 | D        | Found a shimmering altar of Xom.
    48 | D        | Found a basalt altar of Yredelemnul.
    49 | D        | Found a roughly hewn altar of Beogh.
    50 | D        | Killed an oklob sapling priest
    50 | D        | Reached skill level 14 in Stealth
    50 | D        | Reached XP level 4. HP: 22/22 MP: 5/8
    52 | D        | Became a worshipper of Vehumet
    59 | D        | Noticed an oklob sapling
    62 | D        | Killed an oklob sapling
    62 | D        | Reached skill level 15 in Stealth
   161 | D        | Noticed a queen bee
   162 | D        | Noticed a killer bee
   163 | D        | Noticed a killer bee
   165 | D        | Noticed a killer bee
   165 | D        | Noticed a killer bee
   169 | D        | Killed a killer bee
   169 | D        | Reached skill level 16 in Stealth
   169 | D        | Reached XP level 5. HP: 25/25 MP: 7/10
   170 | D        | Killed a killer bee
   170 | D        | Reached skill level 17 in Stealth
   172 | D        | Killed a killer bee
   172 | D        | Acquired Vehumet's first power
   172 | D        | Offered knowledge of Shock by Vehumet.
   172 | D        | Reached skill level 18 in Stealth
   174 | D        | Killed a killer bee
   174 | D        | Reached XP level 6. HP: 30/30 MP: 10/12
   175 | D        | Killed a queen bee
   175 | D        | Reached skill level 20 in Stealth
   177 | D        | Noticed an oklob plant
   180 | D        | Killed an oklob plant
   180 | D        | Reached skill level 23 in Stealth
   180 | D        | Reached XP level 7. HP: 33/33 MP: 11/14
   195 | D        | Noticed a burning bush
   198 | D        | Killed a burning bush
   198 | D        | Reached XP level 8. HP: 37/37 MP: 16/16
   234 | D        | Noticed an oklob sapling wizard
   237 | D        | Killed an oklob sapling wizard
   237 | D        | Reached skill level 5 in Dodging
   288 | D        | Noticed a scorpion
   315 | D        | Killed a scorpion
   322 | D        | Reached skill level 5 in Short Blades
   327 | D        | Mangled by a spriggan

Action                   |  1- 3 |  4- 6 |  7- 9 || total
-------------------------+-------+-------+-------++-------
Melee: Dagger            |     7 |     7 |    14 ||    28
 Fire: Blowgun           |       |       |     4 ||     4
 Abil: Evoke Invisibilit |     1 |     1 |       ||     2
 Stab: Sleeping          |     4 |     7 |     2 ||    13
